 Dungeon Crawl Stone Soup version 0.30.1 (webtiles) character file.

Game seed: 12374911612805319044

150 boopmooplesden the Twirler (level 5, -1/39 HPs)
             Began as a Demonspawn Gladiator on July 10, 2023.
             Was an Initiate of Trog.
             Slain by an iguana (7 damage)
             ... on level 4 of the Dungeon.
             The game lasted 00:02:43 (2273 turns).

boopmooplesden the Twirler (Demonspawn Gladiator)   Turns: 2273, Time: 00:02:44

Health: -1/39      AC: 14    Str: 15 (17) XL:     5   Next: 10%
Magic:  5/5        EV: 10    Int:  8 (9)  God:    Trog [......]
Gold:   138        SH:  0    Dex: 13 (14) Spells: 4/4 levels left

rFire   . . .        a - +1 quarterstaff
rCold   . . .        (shield currently unavailable)
rNeg    . . .        l - +0 scale mail
rPois   .            c - +2 helmet
rElec   .            (no cloak)
rCorr   .            r - +0 pair of gloves
SInv    .            (no boots)
Will    .....        (no amulet) Stlth
                     m - +4 ring of protection
HPRegen 0.26/turn    (no ring)
MPRegen 0.09/turn

%: no passive effects
@: no status effects
A: spiny 1
a: Renounce Religion


You were on level 4 of the Dungeon.
You worshipped Trog.
Trog was noncommittal.
You visited 1 branch of the dungeon, and saw 4 of its levels.

You collected 138 gold pieces.

Inventory:

Hand Weapons
 a - a +1 quarterstaff (weapon)
Missiles
 d - 3 throwing nets (quivered)
 e - a javelin
Armour
 b - a +0 leather armour
 c - a +2 helmet (worn)
 l - a +0 scale mail (worn)
 r - a +0 pair of gloves (worn)
Jewellery
 m - a +4 ring of protection (left hand)
Wands
 q - a wand of mindburst (7)
Scrolls
 w - a scroll of identify
Potions
 f - a potion of brilliance {unknown}
 g - 2 potions of magic
 i - a potion of might {unknown}
 j - a potion of lignification {unknown}
 k - a potion of heal wounds {unknown}
 n - a potion of flight {unknown}
 p - a potion of degeneration
 t - a potion of attraction {unknown}
 v - a potion of curing {unknown}


   Skills:
 + Level 2.3 Fighting
 + Level 4.0 Staves
 + Level 1.9 Throwing
 + Level 2.0 Armour
 + Level 3.3 Dodging
 + Level 0.3 Stealth


You had 4 spell levels left.
You didn't know any spells.
Your spell library contained the following spells:

 Spells                   Type           Power      Damage    Failure   Level
 Apportation              Tloc           0%         N/A       86%         1
 Summon Guardian Golem    Hex/Summ       0%         N/A       99%         3
 Orb of Destruction       Conj           0%         9d5       100%        7
 Spellforged Servitor     Conj/Summ      0%         N/A       100%        7


Dungeon Overview and Level Annotations

Branches:
Dungeon (4/15)
 Temple: D:4-7

Altars:
Sif Muna
Trog


Innate Abilities, Weirdness & Mutations

You are partially covered in sharp spines.


Message History

The hobgoblin hits you but does no damage.
You hit the iguana.
The iguana is moderately wounded.
The iguana is struck by your spines.
The iguana bites you but does no damage.
The gnoll barely misses you.
The hobgoblin hits you from afar with a +0 spear.
You completely miss the iguana.
The iguana is heavily wounded.
The iguana bites you!
The hobgoblin hits you from afar with a +0 spear.
The gnoll hits you from afar with a +0 spear.
You hit the iguana.
The iguana is severely wounded.
The iguana closely misses you.
The gnoll hits you from afar with a +0 spear.
The hobgoblin closely misses you.
The iguana bites you but does no damage.
An endoplasm comes into view.
The hobgoblin hits you from afar with a +0 spear.
* * * LOW HITPOINT WARNING * * *
The gnoll hits you but does no damage.
As you read the scroll labelled ZUTUCU NEYNUS, it crumbles to dust.
It is a scroll of enchant weapon.
Your +0 quarterstaff glows red for a moment.
The endoplasm quivers.
The iguana barely misses you.
The hobgoblin hits you from afar with a +0 spear.
* * * LOW HITPOINT WARNING * * *
It was a potion of degeneration.
There was something very wrong with that liquid.
You feel weakened.
You feel dopey.
You feel clumsy. The iguana misses you. The hobgoblin barely misses you.
There is an open door here.
As you read the scroll labelled YKETOE DUETE, it crumbles to dust.
The scroll dissolves into smoke.
It was a scroll of fog.
The iguana misses you. The iguana attacks as you move away!
The iguana bites you but does no damage.
The iguana attacks as you move away! The iguana bites you!
You die...

.....###.#.##...##.######
.....# #.........#.# .....#
###.##...##.# #.##.#
##.##.##.## #.##.# ##.#.#.##
.....# ##...## #.#### ##'##
#.# ##...## # # #.####
##....@## .#.# #....##
##.....§l## .....
###...####......§§§####....#
.........'.....§.§§§§g)gJ..#
###...####.....§§§§####g...#
#..## ##.......## #### #.##
##.....## #.# ##...## #.#
##'##


You could see an iguana.

Vanquished Creatures
  An iguana (D:4)
  3 gnolls
  4 adders (D:4)
  A white imp (D:3)
  An ufetubus (D:4)
  A worm (D:2)
  2 dart slugs
  A ball python (D:1)
  An endoplasm (D:3)
  4 giant cockroaches
  2 hobgoblins
  7 jackals
  3 kobolds
  2 quokkas
  4 bats
  2 frilled lizards
  2 goblins
  2 rats
43 creatures vanquished.

Notes
Turn   | Place    | Note
-------+----------+-------------------------------------------
     0 | D:1      | boopmooplesden the Demonspawn Gladiator began the quest for
                  | the Orb.
     0 | D:1      | Reached XP level 1. HP: 16/16 MP: 1/1
    96 | D:1      | Gained mutation: You are partially covered in sharp spines.
                  | [demonic ancestry]
    96 | D:1      | Reached XP level 2. HP: 22/22 MP: 2/2
   613 | D:1      | Reached skill level 3 in Staves
  1533 | D:3      | Reached XP level 3. HP: 24/27 MP: 3/3
  1768 | D:3      | Found a shimmering blue altar of Sif Muna.
  1781 | D:3      | Got Sif Muna's Discourse on Portals
  1797 | D:3      | Found a bloodstained altar of Trog.
  1803 | D:3      | Reached skill level 1 in Armour
  1807 | D:3      | Became a worshipper of Trog the Wrathful
  2091 | D:4      | Reached XP level 4. HP: 33/33 MP: 4/4
  2163 | D:4      | Noticed an angel
  2179 | D:4      | Reached skill level 4 in Staves
  2254 | D:4      | Reached XP level 5. HP: 33/39 MP: 5/5
  2273 | D:4      | Slain by an iguana

Illustrated notes

Levels and vault maps discovered:
D:1:      evilmike_arrival_crescent, layout_loops_ring, minmay_pentomino_s4
D:2:      layout_basic, serial_park_tiny_pond
D:3:      layout_basic, nzn_overflow_gifts_of_might_and_magic
D:4:      layout_loops_corners, grunt_temple_overflow_holy_war,
          nicolae_qazlal_scattered_showers, guppyfry_early_lair_pool,
          uniq_duvessa

Skill      XL: |  1  2  3  4  5 |
---------------+----------------+-----
Dodging        | 3 |  3.3
Staves         | 3 4 |  4.0
Armour         | 1 2 |  2.0
Fighting       | |  2.3
Throwing       | |  1.9
Stealth        | |  0.3

Action                     |  1- 3 |  4- 6 || total
---------------------------+-------+-------++-------
  Melee: Quarterstaff      |    78 |    33 ||   111
    Use: Scroll            |     8 |     2 ||    10
         Potion            |       |     1 ||     1
 Armour: Leather armour    |     6 |       ||     6
         Scale mail        |    25 |    24 ||    49
  Dodge: Dodged            |    43 |    29 ||    72
